 Dungeon Crawl Stone Soup version 0.28.0-53-g5a82cb258f (webtiles) character file.

Game seed: 9170678651729083254

55 MiltankisOP the Poker (level 3, 0/29 HPs)
             Began as a Merfolk Monk on June 16, 2022.
             Killed from afar by Natasha (4 damage)
             ... with a magic dart
             ... on level 2 of the Dungeon.
             The game lasted 00:01:57 (1616 turns).

MiltankisOP the Poker (Merfolk Monk)                Turns: 1616, Time: 00:01:58

Health: 0/29       AC:  2    Str: 13    XL:     3   Next: 93%
Magic:  3/3        EV: 14    Int:  9    God:
Gold:   108        SH:  0    Dex: 16    Spells: 2/2 levels left

rFire   . . .      SeeInvis .   a - +0 spear
rCold   . . .      Faith    .   (no shield)
rNeg    . . .      Spirit   .   b - +0 robe
rPois   .          Reflect  .   (no helmet)
rElec   .          Harm     .   (no cloak)
rCorr   .          Rampage  .   (no gloves)
Will    .....                   (no boots)
Stlth   ++........              (no amulet)
HPRegen 0.09/turn               (no ring)
MPRegen 0.08/turn               (no ring)

@: slowed, very slow
A: (nimble swimmer 2), mertail
a: no special abilities


You were on level 2 of the Dungeon.
You visited 1 branch of the dungeon, and saw 2 of its levels.

You collected 108 gold pieces.

Inventory:

Hand Weapons
 a - a +0 spear (weapon)
Armour
 b - a +0 robe (worn)
Scrolls
 d - a scroll of identify {unknown}
 e - a scroll of silence {unknown}
 g - a scroll of noise {unknown}
Potions
 c - 2 potions of curing {unknown}
 f - a potion of mutation {unknown}


   Skills:
 - Level 3.3 Fighting
 + Level 6.6 Polearms
 - Level 4.2 Dodging
 - Level 2.2 Stealth


You had 2 spell levels left.
You didn't know any spells.
Your spell library contained the following spells:

 Spells                   Type           Power      Damage    Failure   Level
 Dazzling Flash           Conj/Hex       0%         N/A       77%         3
 Iskenderun's Mystic Bla  Conj/Tloc      0%         2d3       99%         4
 Starburst                Conj/Fire      0%         6d3       100%        6


Dungeon Overview and Level Annotations

Branches:
Dungeon (2/15)

Altars:

Annotations:
D:2 Natasha


Innate Abilities, Weirdness & Mutations

((You are very nimble when in or above water. (Stealth+, EV+, Speed+++)))
Your lower body shifts to a powerful aquatic tail in water.


Message History

Natasha misses you. The hobgoblin barely misses you.
You hit Natasha.
Natasha is heavily wounded.
Natasha casts a spell at you. You resist with significant effort.
The crimson imp barely misses you. The hobgoblin closely misses you.
The crimson imp blinks!
You closely miss Natasha.
Natasha is heavily wounded.
Natasha claws you.
The crimson imp blinks!
The hobgoblin barely misses you.
You hit Natasha but do no damage.
Natasha is heavily wounded.
The crimson imp blinks!
You barely miss Natasha.
Natasha is heavily wounded.
Natasha claws you. The hobgoblin hits you.
* * * LOW HITPOINT WARNING * * *
You are too injured to fight recklessly!
You are too injured to fight recklessly!
You are too injured to fight recklessly!
You barely miss Natasha.
Natasha is heavily wounded.
Natasha claws you.
* * * LOW HITPOINT WARNING * * *
The hobgoblin barely misses you.
You hit Natasha.
Natasha is heavily wounded.
Natasha barely misses you. The hobgoblin barely misses you.
You closely miss Natasha.
Natasha is heavily wounded.
You hit Natasha.
Natasha is almost dead.
Natasha casts a spell at you.
You feel yourself slow down. The hobgoblin closely misses you.
The crimson imp disappears for a moment.
The crimson imp blinks!
You closely miss Natasha.
Natasha is almost dead.
Natasha stares at you and mumbles some strange words.
The magic dart hits you.
You die...

#.........#.............# #.....
#....†.†..#.............###.....
#.........#............[+.......
#.........#.............###.....
#.........#.....#####...###.....
#...............# #...##......
#.).............# #...##......
#............5..# ...##.#####
#####..........@# ###......
#.........gh# #######
#.....§.....# #......[....#
....)...# ........# ........#
........#


You could see Natasha, a crimson imp (summoned) and a hobgoblin.

Vanquished Creatures
  2 adders (D:2)
  2 worms (D:2)
  4 ball pythons
  6 bats
  2 endoplasms (D:1)
  2 giant cockroaches (D:1)
  2 hobgoblins
  8 kobolds
  A quokka (D:2)
  3 frilled lizards
  2 rats (D:1)
34 creatures vanquished.

Notes
Turn   | Place    | Note
-------+----------+-------------------------------------------
     0 | D:1      | MiltankisOP the Merfolk Monk began the quest for the Orb.
     0 | D:1      | Reached XP level 1. HP: 18/18 MP: 1/1
   354 | D:1      | Reached XP level 2. HP: 21/24 MP: 2/2
   361 | D:1      | Reached skill level 5 in Polearms
   754 | D:1      | Found a faded altar of an unknown god.
   913 | D:2      | Reached XP level 3. HP: 16/29 MP: 3/3
  1202 | D:2      | Reached skill level 6 in Polearms
  1597 | D:2      | Noticed Natasha
  1616 | D:2      | Killed from afar by Natasha

Illustrated notes

Levels and vault maps discovered:
D:1:      wander_arrival_estate, layout_basic,
          hellmonk_ecumenical_altar_arch_garden, serial_park_tiny_1
D:2:      layout_basic, uniq_natasha

Skill      XL: |  1  2  3 |
---------------+----------+-----
Polearms       | 5 6 |  6.6
Fighting       | |  3.3
Dodging        | |  4.2
Stealth        | |  2.2

Action                   || total
-------------------------++-------
Melee: Spear             ||   140
       Punch             ||     1
 Stab: Distracted        ||     1
Armor: Robe              ||     8
Dodge: Dodged            ||    66
